 Dungeon Crawl Stone Soup version 0.28-a0-653-g7e9dba17c3 (webtiles) character file.

Game seed: 5208307864010978068

72 Gwenloh the Poker (level 4, -10/37 HPs)
             Began as a Merfolk Gladiator on Oct 11, 2021.
             Mangled by an ogre (16 damage)
             ... on level 2 of the Dungeon.
             The game lasted 00:05:30 (1708 turns).

Gwenloh the Poker (Merfolk Gladiator)               Turns: 1708, Time: 00:05:31

Health: -10/37     AC:  7    Str: 14    XL:     4   Next: 26%
Magic:  4/4        EV: 14    Int:  7    God:
Gold:   124        SH:  0    Dex: 16    Spells: 3/3 levels left

rFire   + . .      SeeInvis .   a - +0 trident
rCold   . . .      Faith    .   (no shield)
rNeg    . . .      Spirit   .   b - +0 leather armour
rPois   .          Reflect  .   c - +0 helmet
rElec   .          Harm     .   (no cloak)
rCorr   .          Rampage  .   n - +0 pair of gloves
Will    .....      Rnd*Tele +   (no boots)
Stlth   +.........              (no amulet)
HPRegen 0.12/turn               m - ring of protection from fire
MPRegen 0.09/turn               (no ring)

@: no status effects
A: (nimble swimmer 2), mertail, iridescent scales 1, robust 1, teleportitis 1
a: no special abilities


You were on level 2 of the Dungeon.
You visited 1 branch of the dungeon, and saw 2 of its levels.

You collected 124 gold pieces.

Inventory:

Hand Weapons
 a - a +0 trident (weapon)
Missiles
 d - 3 throwing nets
 l - 10 poisoned darts (quivered)
Armour
 b - a +0 leather armour (worn)
 c - a +0 helmet (worn)
 n - a +0 pair of gloves (worn)
Jewellery
 m - a ring of protection from fire (left hand)
Wands
 o - a wand of flame (18)
Scrolls
 g - 2 scrolls of silence {unknown}
 h - 2 scrolls of teleportation {unknown}
 i - a scroll of identify {unknown}
 j - a scroll of acquirement {unknown}
Potions
 e - a potion of flight {unknown}
 f - a potion of mutation
 k - a potion of curing {unknown}


   Skills:
 + Level 2.9 Fighting
 * Level 5.6 Polearms
 - Level 2.0 Throwing
 * Level 5.2 Dodging


You had 3 spell levels left.
You didn't know any spells.
Your spell library was empty.

Dungeon Overview and Level Annotations

Branches:
Dungeon (2/15)

Altars:


Innate Abilities, Weirdness & Mutations

((You are quick and stealthy near water. (Stealth+, EV+, Speed+++)))
Your lower body shifts to a powerful aquatic tail in water.
You are partially covered in iridescent scales. (AC +2)
You are robust. (+10% HP)
You are occasionally teleported next to monsters.


Message History

Found a leather armour.
l - 12 poisoned darts (gained 1)
There is a large open door here.
The ogre shouts!
There is a large open door here.
You throw a poisoned dart. The poisoned dart hits the ogre.
The ogre is poisoned.
You throw a poisoned dart. The poisoned dart hits the ogre.
The ogre looks even sicker.
You reach to attack!
You hit the ogre.
The ogre is lightly wounded.
You hit the ogre but do no damage.
The ogre is moderately wounded.
The ogre misses you.
You barely miss the ogre.
The ogre is moderately wounded.
The ogre hits you with a +0 giant spiked club!
You hit the ogre.
The ogre is heavily wounded.
You completely miss the ogre.
The ogre is heavily wounded.
The ogre barely misses you.
You barely miss the ogre.
The ogre is heavily wounded.
The ogre closely misses you.
You barely miss the ogre.
The ogre is heavily wounded.
The ogre hits you with a +0 giant spiked club!!
Ouch! That really hurt!
* * * LOW HITPOINT WARNING * * *
You are too injured to fight recklessly!
You see here 22 stones.
There is an open door here.
The ogre looks more healthy.
Okay, then.
It was a potion of mutation.
You feel extremely strange.
You feel weirdly uncertain.
You feel robust.
Iridescent scales grow over part of your body.
The ogre hits you with a +0 giant spiked club!
You die...

....'...'...'.^... .............
######...#...###### #.###....#...
.#####...############.###....)...
.........÷....)..................
...#######...###.########..#.....
.#.....##..#......<#.............
.##....#..##..##.###......#######
.###.....###..##.# #.....## #
.#.##...##.#..##@# #.....# #
.'⌠.##.##.⌠'..##O# #.....# #
.#...#'#)..#..'..# #.....# ####
.##...'...##.(#### #.....# .....
..##.....##...# ##+#### .....
..(##.⌠.##....# ...#.
##.(##.##.....# ....>
#..#'#.....## ..#. #..'......#
.....


You could see an ogre.

Vanquished Creatures
  2 adders
  3 dart slugs
  A worm (D:2)
  6 ball pythons
  2 bats
  3 endoplasms (D:2)
  4 giant cockroaches
  2 goblins (D:1)
  8 hobgoblins (D:1)
  3 kobolds
  2 quokkas (D:1)
  6 rats
42 creatures vanquished.

Notes
Turn   | Place    | Note
-------+----------+-------------------------------------------
     0 | D:1      | Gwenloh the Merfolk Gladiator began the quest for the Orb.
     0 | D:1      | Reached XP level 1. HP: 16/16 MP: 1/1
   137 | D:1      | Reached XP level 2. HP: 17/23 MP: 2/2
   377 | D:1      | Reached skill level 5 in Polearms
   504 | D:1      | Reached XP level 3. HP: 27/28 MP: 3/3
   670 | D:1      | Found a faded altar of an unknown god.
   670 | D:1      | Noticed a blizzard demon
   896 | D:2      | Noticed an ogre
  1060 | D:2      | Reached skill level 5 in Dodging
  1210 | D:2      | Reached XP level 4. HP: 34/34 MP: 4/4
  1708 | D:2      | Gained mutation: You are occasionally teleported next to
                  | monsters. [potion of mutation]
  1708 | D:2      | Gained mutation: You are robust. (+10% HP) [potion of
                  | mutation]
  1708 | D:2      | Gained mutation: You are partially covered in iridescent
                  | scales. (AC +2) [potion of mutation]
  1708 | D:2      | Mangled by an ogre

Illustrated notes

Levels and vault maps discovered:
D:1:      grunt_arrival_lava_bath, layout_loops_ring,
          dreamdust_ecumenical_altar_sealed_demon
D:2:      layout_basic, grunt_decor_arrowhead, st_stairs_2

Skill      XL: |  1  2  3 |
---------------+----------+-----
Polearms       | 5 |  5.6
Dodging        | 5 |  5.2
Fighting       | |  2.9
Throwing       | |  2.0

Action                   |  1- 3 |  4- 6 || total
-------------------------+-------+-------++-------
Melee: Trident           |    80 |    32 ||   112
Throw: Dart              |    16 |    18 ||    34
  Use: Potion            |       |     1 ||     1
 Stab: Sleeping          |     1 |       ||     1
Armor: Leather armour    |    10 |     7 ||    17
Dodge: Dodged            |    28 |    22 ||    50

Table legend: (Time is in decaauts)
 A = Elapsed time spent in this place.
 B = Non-inter-level travel time spent in this place.
 C = Inter-level travel time spent in this place.
 D = Time resting spent in this place.
 E = Time spent auto-exploring this place.
 F = Levels seen in this place.
 G = Mean time per level.
                   A        B        C        D        E       F      G
               +--------+--------+--------+--------+--------+-----+--------+
         Total |   1712 |   1645 |     67 |     11 |   1250 |   2 |  856.0 |
       Dungeon |   1712 |   1645 |     67 |     11 |   1250 |   2 |  856.0 |
               +--------+--------+--------+--------+--------+-----+--------+

Top non-repeatable levels by time:
     D:1: 1045 daAuts
     D:2: 666 daAuts
